 Dungeon Crawl Stone Soup version 0.31-a0-1338-gb567cfdca4 (webtiles) character file.

Game seed: 12183645241472240942

2 AgitatedPotato the Charlatan (level 1, -6/17 HPs)
             Began as a Gnoll Artificer on Dec 22, 2023.
             Killed by nerve-wracking pain
             ... invoked by Jessica
              (7 damage)
             ... on level 2 of the Dungeon.
             The game lasted 00:02:49 (113 turns).

AgitatedPotato the Charlatan (Gnoll Artificer)       Turns: 113, Time: 00:02:49

Health: -6/17      AC:  3    Str: 11    XL:     1   Next: 40%
Magic:  1/1        EV: 12    Int: 10    God:
Gold:   7          SH:  0    Dex: 12    Spells: 0/0 levels left

rFire   . . .        a - +0 club
rCold   . . .        (no shield)
rNeg    . . .        b - +0 leather armour
rPois   .            (no helmet)
rElec   .            (no cloak)
rCorr   .            (no gloves)
SInv    .            (no boots)
Will    .....        (no amulet)
Stlth   ++           (no ring)
HPRegen 0.22/turn    (no ring)
MPRegen 0.07/turn

%: no passive effects
@: no status effects
A: fangs 1, strong nose, distributed training
a: no special abilities


You were on level 2 of the Dungeon.
You visited 1 branch of the dungeon, and saw 2 of its levels.

You collected 7 gold pieces.

Inventory:

Hand Weapons
 a - a +0 club (weapon)
 f - a +0 sling
Armour
 b - a +0 leather armour (worn)
Wands
 c - a wand of flame (15) (quivered)
 d - a wand of charming (15)
 e - a wand of iceblast (5)
Potions
 g - a potion of berserk rage {unknown}


   Skills:
 + Level 2.3 Fighting
 + Level 0.0 Short Blades
 + Level 0.0 Long Blades
 + Level 0.0 Axes
 + Level 0.0 Maces & Flails
 + Level 0.0 Polearms
 + Level 0.0 Staves
 + Level 0.0 Ranged Weapons
 + Level 0.0 Throwing
 + Level 4.4 Armour
 + Level 2.3 Dodging
 + Level 2.1 Stealth
 + Level 0.0 Shields
 + Level 0.0 Unarmed Combat
 + Level 0.0 Spellcasting
 + Level 0.0 Conjurations
 + Level 0.0 Hexes
 + Level 0.0 Summonings
 + Level 0.0 Necromancy
 + Level 0.0 Translocations
 + Level 0.0 Fire Magic
 + Level 0.0 Ice Magic
 + Level 0.0 Air Magic
 + Level 0.0 Earth Magic
 + Level 0.0 Alchemy
 + Level 0.1 Invocations
 + Level 6.4 Evocations
 + Level 0.0 Shapeshifting


You couldn't memorise any spells.
You didn't know any spells.
Your spell library was empty.

Dungeon Overview and Level Annotations

Branches:
Dungeon (2/15)

Altars:

Annotations:
D:2 Jessica


Innate Abilities, Weirdness & Mutations

You have very sharp teeth.
Your uncanny sense of smell can sniff out nearby items.
Your experience applies equally to all skills.


Message History

You hit the kobold but do no damage. The kobold barely misses you.
You closely miss the kobold. You punch the kobold.
You kill the kobold!
No target in view!
You see here a +0 dagger.
Things that are here:
a +0 short sword; 5 stones; a kobold corpse
g - a blue potion Jessica the Apprentice Sorceress comes into view.
She is wielding a +4 club.
Jessica shouts!
Jessica casts a spell.
Jessica blinks!
Jessica casts a spell at you. Pain shoots through your body!
You hit Jessica but do no damage. Jessica closely misses you.
Jessica hits you with a +4 club.
You closely miss Jessica. Jessica hits you with a +4 club.
You are too injured to fight recklessly!
You are too injured to fight recklessly!
You are too injured to fight recklessly!
You are too injured to fight recklessly!
You are too injured to fight recklessly!
You are too injured to fight recklessly!
You are too injured to fight recklessly!
You are too injured to fight recklessly!
You are too injured to fight recklessly!
Jessica mumbles some strange words.
Jessica blinks!
Jessica points at you and mumbles some strange words.
You feel yourself slow down. Jessica attacks as she pursues you!
Jessica hits you with a +4 club. Jessica closely misses you.
Jessica hits you with a +4 club!
* * * LOW HITPOINT WARNING * * *
You feel yourself speed up. Jessica attacks as she pursues you!
Jessica hits you with a +4 club.
* * * LOW HITPOINT WARNING * * *
Jessica casts a spell at you. Pain shoots through your body!
You die...

#.#
#..##.###
#.#
#.......#
#.###.#.#
#.###.#.#
∆
#.##....#
#@##....#
#.##....#
..###@#.#
### #@#.#
#.#.#
#.#.# ..#
... ####


You could see Jessica.

Vanquished Creatures
  A goblin (D:2)
  A kobold (D:2)
2 creatures vanquished.

Notes
Turn   | Place    | Note
-------+----------+-------------------------------------------
     0 | D:1      | AgitatedPotato the Gnoll Artificer began the quest for the
                  | Orb.
     0 | D:1      | Reached XP level 1. HP: 17/17 MP: 1/1
    93 | D:2      | Noticed Jessica
   113 | D:2      | Killed from afar by Jessica

Illustrated notes

Levels and vault maps discovered:
D:1:      saegor_arrival_miasma, layout_basic, serial_park_tiny_2
D:2:      layout_loops_ring, uniq_jessica, uniq_terence

Action                     || total
---------------------------++-------
  Melee: Club              ||     8
         Punch             ||     1
 Armour: Leather armour    ||     7
  Dodge: Dodged            ||     7

Table legend: (Time is in decaauts)
 A = Elapsed time spent in this place.
 B = Non-inter-level travel time spent in this place.
 C = Inter-level travel time spent in this place.
 D = Time resting spent in this place.
 E = Time spent auto-exploring this place.
 F = Levels seen in this place.
 G = Mean time per level.
                   A        B        C        D        E       F      G
               +--------+--------+--------+--------+--------+-----+--------+
         Total |    119 |    119 |      0 |      0 |     14 |   2 |   59.5 |
       Dungeon |    119 |    119 |      0 |      0 |     14 |   2 |   59.5 |
               +--------+--------+--------+--------+--------+-----+--------+

Top non-repeatable levels by time:
     D:2: 64 daAuts
     D:1: 55 daAuts
